 Dungeon Crawl Stone Soup version 0.30-a0-553-g7fabdf1491 (webtiles) character file.

Game seed: 4149118462069144268

853 p00ps00p the Shield-Bearer (level 8, -3/64 HPs)
             Began as a Formicid Fighter on Dec 27, 2022.
             Killed from afar by a steam dragon (12 damage)
             ... with a ball of steam
             ... on level 5 of the Dungeon.
             The game lasted 00:07:20 (3143 turns).

p00ps00p the Shield-Bearer (Formicid Fighter)       Turns: 3143, Time: 00:07:21

Health: -3/64      AC: 12    Str: 23    XL:     8   Next: 21%
Magic:  8/8        EV:  8    Int:  8    God:
Gold:   187        SH:  5    Dex: 13    Spells: 7/7 levels left

rFire   . . .      SeeInvis +    a - +0 war axe (elec)
rCold   . . .      Faith    .    c - +0 buckler
rNeg    . . .      Spirit   .    t - +0 chain mail
rPois   .          Reflect  .    (helmet unavailable)
rElec   .          Harm     .    v - +0 cloak
rCorr   .          Rampage  .    (no gloves)
Will    .....                    s - +0 pair of boots Stlth
                                 (no amulet)
HPRegen 0.30/turn                (no ring)
MPRegen 0.11/turn                (no ring)

@: no status effects
A: permanent stasis, dig shafts and tunnels, antennae 3, four strong arms
a: Dig, Shaft Self


You were on level 5 of the Dungeon.
You visited 1 branch of the dungeon, and saw 5 of its levels.

You collected 187 gold pieces.

Inventory:

Hand Weapons
 a - a +0 war axe of electrocution (weapon)
Armour
 c - a +0 buckler (worn)
 s - a +0 pair of boots (worn)
 t - a +0 chain mail (worn)
 v - a +0 cloak (worn)
Jewellery
 b - a ring of ice
Wands
 m - a wand of flame (12)
 o - a wand of charming (17)
 u - a wand of iceblast (8)
Scrolls
 i - a scroll of torment {unknown}
 k - 3 scrolls of vulnerability
 n - a scroll of fog
 p - a scroll of enchant armour
 q - a scroll of magic mapping
 w - a scroll of teleportation {unknown}
Potions
 d - 3 potions of might
 e - a potion of attraction
 f - a potion of brilliance
 g - a potion of degeneration
 h - a potion of heal wounds
 j - 2 potions of curing
 r - a potion of mutation {unknown}


   Skills:
 + Level 5.7 Fighting
 + Level 4.7 Axes
 + Level 5.8 Armour
 + Level 7.0 Shields


You had 7 spell levels left.
You didn't know any spells.
Your spell library contained the following spells:

 Spells                   Type           Power      Damage    Failure   Level
 Sting                    Tmut/Pois      0%         1d3       98%         1
 Summon Small Mammal      Summ           0%         N/A       98%         1
 Poisonous Vapours        Pois/Air       0%         N/A       99%         2
 Animate Armour           Summ/Erth      0%         N/A       100%        4
 Olgreb's Toxic Radiance  Pois           0%         N/A       100%        4
 Summon Cactus Giant      Summ           0%         N/A       100%        6
 Haunt                    Necr/Summ      0%         N/A       100%        7


Dungeon Overview and Level Annotations

Branches:
Dungeon (5/15)
 Temple: D:4-7

Altars:


Innate Abilities, Weirdness & Mutations

You cannot be hasted, slowed, berserked, paralysed or teleported.
You can dig through walls and to a lower floor.
You have a pair of large antennae on your head. (SInv)
Your four strong arms can wield two-handed weapons with a shield.


Message History

The steam dragon bites you but does no damage.
The steam dragon claws you but does no damage.
Aiming: Bolt of Light
Press: ? - help, Q - select action, (/) - cycle Shift-Dir - straight line, f/p - steam dragon
Aim: a steam dragon (heavily wounded, blind, catching its breath, 71% to hit)
The bolt of light hits the steam dragon.
The steam dragon is heavily wounded.
The bolt of light hits the gnoll!
The gnoll is severely wounded.
The gnoll is blinded.
The now-empty wand crumbles to dust.
You are engulfed in a cloud of scalding steam.
* * * LOW HITPOINT WARNING * * *
The gnoll hits you from afar with a +0 spear.
* * * LOW HITPOINT WARNING * * *
The steam dragon bites you but does no damage.
The steam dragon barely misses you.
You closely miss the steam dragon.
The steam dragon is heavily wounded.
You are engulfed in a cloud of scalding steam.
* * * LOW HITPOINT WARNING * * *
The steam dragon barely misses you. x2
You barely miss the steam dragon.
The steam dragon is heavily wounded.
You slash the gnoll!
You kill the gnoll!
You hear a splash.
You are engulfed in a cloud of scalding steam.
The fungus is engulfed in a cloud of scalding steam.
The fungus begins to die.
The steam dragon bites you.
* * * LOW HITPOINT WARNING * * *
You block the steam dragon's attack. The gnoll closely misses you.
Your Shields skill increases to level 7!
You closely miss the steam dragon.
The steam dragon is heavily wounded.
The steam dragon closely misses you.
The steam dragon claws you but does no damage.
You block the gnoll's attack. The gnoll barely misses you.
The steam dragon breathes steam at you. The ball of steam hits you!
You die...

#####
##PPP###
##.~..PP#
#^P....~##
#P.......#
#PP....P.#
#.~...~#
#gD@..#
....g#)..##
### #...#
#≈..# #~.~#
#...# #~..#
#..## #..#


You could see a steam dragon (blind, catching breath) and 2 gnolls.

Vanquished Creatures
  A steam dragon (D:5)
  An ogre (D:5)
  A necrophage (D:4)
  An orc priest (D:4)
  2 gnoll boudas
  Ijyb (D:4)
  Crazy Yiuf (D:4)
  3 orc wizards
  Natasha (thrice) (D:4)
  An iguana (D:4)
  11 gnolls
  11 adders
  A worm (D:5)
  2 dart slugs (D:4)
  6 orcs
  6 endoplasms (D:2)
  2 giant cockroaches
  7 goblins
  8 hobgoblins
  9 jackals
  3 kobolds
  4 quokkas
  7 ball pythons
  6 bats
  A frilled lizard (D:3)
  3 rats
  A spectral kobold (D:2)
103 creatures vanquished.

Vanquished Creatures (others)
  12 fungi (D:5)
12 creatures vanquished.

Grand Total: 115 creatures vanquished

Notes
Turn   | Place    | Note
-------+----------+-------------------------------------------
     0 | D:1      | p00ps00p the Formicid Fighter began the quest for the Orb.
     0 | D:1      | Reached XP level 1. HP: 18/18 MP: 1/1
   126 | D:1      | Reached XP level 2. HP: 21/24 MP: 2/2
   642 | D:2      | Reached XP level 3. HP: 29/29 MP: 3/3
   864 | D:2      | Reached XP level 4. HP: 37/37 MP: 4/4
   909 | D:2      | Found a faded altar of an unknown god.
  1065 | D:2      | Reached XP level 5. HP: 27/42 MP: 5/5
  1173 | D:2      | Reached skill level 5 in Shields
  1606 | D:3      | Reached XP level 6. HP: 40/49 MP: 6/6
  2117 | D:4      | Got Zyxzalump's Compilation of Accomplices
  2331 | D:4      | Noticed Natasha
  2340 | D:4      | Killed Natasha
  2349 | D:4      | Noticed Natasha
  2356 | D:4      | Killed Natasha
  2357 | D:4      | Reached XP level 7. HP: 48/55 MP: 7/7
  2396 | D:4      | Reached skill level 6 in Shields
  2410 | D:4      | Reached skill level 5 in Fighting
  2410 | D:4      | Reached skill level 5 in Armour
  2532 | D:4      | Noticed Natasha
  2540 | D:4      | Killed Natasha
  2582 | D:4      | Found a runed translucent door.
  2583 | D:4      | Noticed Crazy Yiuf
  2621 | D:4      | Noticed Ijyb
  2645 | D:4      | Killed Ijyb
  2888 | D:4      | Killed Crazy Yiuf
  2917 | D:5      | Entered Level 5 of the Dungeon
  2996 | D:5      | Reached XP level 8. HP: 37/63 MP: 8/8
  3143 | D:5      | Reached skill level 7 in Shields
  3143 | D:5      | Killed from afar by a steam dragon

Illustrated notes

Levels and vault maps discovered:
D:1:      minmay_arrival_split_and_join, layout_rooms, serial_aquarium,
          aquarium_bridge_island_small [aquarium_subvault_small_water,
          aquarium_subvault_wall, aquarium_subvault_wall,
          aquarium_subvault_bridge, aquarium_subvault_window],
          aquarium_window_fake, aquarium_window_corner, aquarium_window_fake,
          aquarium_view_2d
D:2:      layout_basic, dreamdust_ecumenical_altar_drowned_temple,
          serial_co_window_serial, co_window_paths_a, co_window_corner_a,
          co_window_corner_a, co_window_cross_1, co_window_cross_1,
          co_window_2corner, co_window_broadway_a, co_window_broadway_c,
          minmay_pentomino_u2
D:3:      layout_rooms, kennysheep_decorative_pillar
D:4:      layout_basic, uniq_crazy_yiuf_cottage, uniq_natasha, uniq_ijyb
D:5:      kennysheep_steamy, layout_basic, bloody_trog, uniq_pikel, uniq_grinder

Skill      XL: |  1  2  3  4  5  6  7  8 |
---------------+-------------------------+-----
Fighting       | 4 5 |  5.7
Armour         | 4 5 |  5.8
Shields        | 5 6 7 |  7.0
Axes           | 3 4 |  4.7

Action                   |  1- 3 |  4- 6 |  7- 9 || total
-------------------------+-------+-------+-------++-------
Melee: War axe           |    43 |   103 |    60 ||   206
Evoke: Wand              |       |     4 |     9 ||    13
  Use: Scroll            |     2 |     9 |       ||    11
       Potion            |       |       |     2 ||     2
Armor: Scale mail        |    25 |    43 |       ||    68
       Chain mail        |       |    22 |    64 ||    86
Dodge: Dodged            |    17 |    45 |    33 ||    95
Block: Buckler           |    12 |    30 |    27 ||    69

Table legend: (Time is in decaauts)
 A = Elapsed time spent in this place.
 B = Non-inter-level travel time spent in this place.
 C = Inter-level travel time spent in this place.
 D = Time resting spent in this place.
 E = Time spent auto-exploring this place.
 F = Levels seen in this place.
 G = Mean time per level.
                   A        B        C        D        E       F      G
               +--------+--------+--------+--------+--------+-----+--------+
         Total |   3222 |   3078 |    144 |      0 |   2482 |   5 |  644.4 |
       Dungeon |   3222 |   3078 |    144 |      0 |   2482 |   5 |  644.4 |
               +--------+--------+--------+--------+--------+-----+--------+

Top non-repeatable levels by time:
     D:4: 1010 daAuts
     D:2: 1006 daAuts
     D:1: 525 daAuts
     D:3: 447 daAuts
     D:5: 232 daAuts
